 Dungeon Crawl Stone Soup version 0.27.0-1-g7a089689b8 (webtiles) character file.

Game seed: 16005352043977125966

47 freelancePsychic the Skirmisher (level 3, -2/30 HPs)
             Began as a Djinni Wanderer on Aug 2, 2021.
             Slain by a vampire bat (3 damage)
             ... on level 3 of the Dungeon.
             The game lasted 00:04:02 (1339 turns).

freelancePsychic the Skirmisher (Djinni Wanderer)   Turns: 1339, Time: 00:04:03

Health: -2/30      AC:  5    Str: 10    XL:     3   Next: 97%
Gold:   36         EV: 10    Int: 13    God:
                   SH:  0    Dex: 14

rFire    + + .     SeeInvis .   a - +2 dagger
rCold    x . .     Faith    .   (no shield)
rNeg     . . .     Spirit   .   f - +0 ring mail
rPois    ∞         Reflect  .   (no helmet)
rElec    .         Harm     .   (no cloak)
rCorr    .         Rampage  .   (no gloves)
Will     .....                  (boots unavailable)
Stlth    +.........             (no amulet)
HPRegen  0.10/turn              (no ring)
MPRegen  0.00/turn              (no ring)

@: flying
A: sickness immunity, fire resistance 2, cold vulnerability 1, float, innate
caster, hp casting, extra vitality 1
a: no special abilities


You were on level 3 of the Dungeon.
You visited 1 branch of the dungeon, and saw 3 of its levels.

You collected 36 gold pieces.

Inventory:

Hand Weapons
 a - a +2 dagger (weapon)
Armour
 d - a +0 robe
 f - a +0 ring mail (worn)


   Skills:
 - Level 3.6 Fighting
 + Level 2.3 Short Blades
 - Level 1.1 Dodging
 - Level 1.5 Stealth
 + Level 2.6 Spellcasting


You had 2 spell levels left.
You knew the following spells:

 Your Spells              Type           Power      Damage    Failure   Level
a - Summon Guardian Gole  Hex/Summ       8%         N/A       54%         3
b - Corona                Hex            8%         N/A       22%         1
c - Pain                  Necr           32%        1d5       22%         1

Your spell library contained the following spells:

 Spells                   Type           Power      Damage    Failure   Level


Dungeon Overview and Level Annotations

Branches:
Dungeon (2/15)

Altars:

Annotations:
D:3 Jessica, Purgy, Sigmund


Innate Abilities, Weirdness & Mutations

You are immune to sickness and miasma.
You are immune to poison.
Your flesh is very heat resistant. (rF++)
You are vulnerable to cold. (rC-)
You float through the air rather than walking.
You learn spells naturally, not from books.
Your magical power is your life essence.
You have superior vitality. (+4 HP)


Message History

You are engulfed in flames.
You resist. The fire bat closely misses you. The megabat closely misses you.
You hit the fire bat.
The fire bat is severely wounded.
The fire bat barely misses you.
The megabat hits you but does no damage. x2
Your ring mail prevents you from hitting the fire bat.
The fire bat bites you but does no damage.
The megabat hits you but does no damage. x2
You closely miss the fire bat.
The fire bat is severely wounded.
The fire bat bites you.
You are engulfed in flames.
You resist. The megabat barely misses you.
The megabat hits you but does no damage.
You hit the fire bat.
The fire bat is heavily wounded.
The megabat barely misses you. The fire bat closely misses you.
The megabat closely misses you. 2 spectral things come into view.
The fire bat closely misses you.
The fire bat bites you but does no damage.
The fire bat closely misses you.
The megabat hits you but does no damage.
You hit the megabat.
The megabat is moderately wounded.
The fire bat bites you.
* * * LOW HITPOINT WARNING * * *
You are engulfed in flames.
You resist.
The megabat hits you but does no damage.
The fire bat bites you.
* * * LOW HITPOINT WARNING * * *
You are engulfed in flames.
You resist. The megabat closely misses you. The fire bat bites you.
* * * LOW HITPOINT WARNING * * *
You are engulfed in flames.
You resist.
Blink to where?
Press: ? - help, Dir - move target
As you read the scroll of blinking, it crumbles to dust.
The vampire bat bites you.
You die...

#...Z#
###..###.##
#b#####.Joo##†.#
##b##.Z###..@###
##bbJ## #####
##J## #...###
##...Z## #.b..#
#Z@#.. #### #


You could see a fire bat, a vampire bat, an endoplasm, a megabat, 2 microbats
and 2 skeletal bats.

Vanquished Creatures
  An adder (D:3)
  A dart slug (D:1)
  A fire bat (D:3)
  An orc (D:3)
  2 ball pythons (D:1)
  2 bats
  2 endoplasms (D:1)
  A giant cockroach (D:3)
  2 goblins (D:1)
  2 hobgoblins (D:1)
  7 jackals
  2 kobolds (D:1)
  3 frilled lizards (D:1)
  A rat (D:3)
28 creatures vanquished.

Vanquished Creatures (others)
  3 fungi (D:1)
  5 plants (D:1)
8 creatures vanquished.

Grand Total: 36 creatures vanquished

Notes
Turn   | Place    | Note
-------+----------+-------------------------------------------
     0 | D:1      | freelancePsychic the Djinni Wanderer began the quest for
                  | the Orb.
     0 | D:1      | Reached XP level 1. HP: 20/20 MP: 0/0
   156 | D:1      | Reached XP level 2. HP: 21/25 MP: 0/0
   557 | D:1      | Reached XP level 3. HP: 27/30 MP: 0/0
   557 | D:1      | Learned a level 1 spell: Pain
   605 | D:1      | Found a faded altar of an unknown god.
  1176 | D:2      | You are sucked into a shaft and drop 1 floor!
  1187 | D:3      | Noticed Purgy
  1193 | D:3      | Noticed Jessica
  1212 | D:3      | Noticed Sigmund
  1338 | D:3      | HP: 1/30 [fire bat (4)]
  1339 | D:3      | Slain by a vampire bat

Illustrated notes

Levels and vault maps discovered:
D:1:      dpeg_arrival_chambers_temple_mockup, layout_loops_ring,
          shapermc_ecumenical_altar_mp_urbaneastern, nrook_campfire,
          minmay_box_of_dots
D:2:      layout_basic, minmay_ruptured
D:3:      minmay_door_path, layout_basic, goddamned_bats, uniq_robin, uniq_ijyb,
          uniq_jessica, uniq_sigmund, uniq_purgy

Skill      XL: |  1  2  3 |
---------------+----------+-----
Short Blades   | 2 |  2.3
Fighting       | |  3.6
Dodging        | |  1.1
Stealth        | |  1.5
Spellcasting   | |  2.6

Action                   || total
-------------------------++-------
Melee: Dagger            ||    98
  Use: Scroll            ||     2
       Potion            ||     2
 Stab: Sleeping          ||     3
Armor: Ring mail         ||    51
       Robe              ||     5
Dodge: Dodged            ||    81
